 Dungeon Crawl Stone Soup version 0.23-a0-760-g92239d2 (webtiles) character file.

56 Gashadokuro the Skirmisher (level 3, 0/33 HPs)
             Began as a Draconian Berserker on Sept 7, 2019.
             Was a Believer of Trog.
             Slain by a hippogriff (5 damage)
             ... on level 4 of the Dungeon.
             The game lasted 00:10:31 (1271 turns).

Gashadokuro the Skirmisher (Draconian Berserker)    Turns: 1271, Time: 00:10:32

Health: 0/33       AC:  6    Str: 20    XL:     3   Next: 71%
Magic:  3/3        EV: 15    Int:  7    God:    Trog [**....]
Gold:   83         SH:  0    Dex: 10    Spells: 2/2 levels left

rFire    . . .     SeeInvis .   f - +2 spear (flame)
rCold    . . .     Gourm    .   (no shield)
rNeg     . . .     Faith    .   (armour unavailable)
rPois    +         Spirit   .   (helmet restricted)
rElec    .         Reflect  .   (no cloak)
rCorr    .         Harm     .   (no gloves)
MR       .....                  (no boots)
Stlth    +.........             (no amulet)
HPRegen  0.11/turn              E - ring of poison resistance
MPRegen  0.08/turn              D - +2 ring of evasion

@: no status effects
A: unfitting armour, horns 1, shaggy fur 1, cold-blooded, AC +5
a: Berserk, Trog's Hand, Renounce Religion


You were on level 4 of the Dungeon.
You worshipped Trog.
Trog was pleased with you.
You were very hungry.

You visited 1 branch of the dungeon, and saw 4 of its levels.

You collected 83 gold pieces.

Inventory:

Hand Weapons
 a - a +0 spear {reee}
 c - a +0 dagger
 f - a +2 spear of flaming (weapon)
 h - a +0 club
 j - a +0 short sword
 l - a +0 hand axe
 m - a +0 dagger
 n - a +0 whip
 p - a +0 dagger
 t - a +0 short sword
 v - a +0 club
 y - a +0 club
 C - a +0 club
 H - a +0 quarterstaff
Missiles
 i - 31 stones (quivered)
 u - 19 arrows
Armour
 d - a +0 leather armour
 o - a +0 ring mail
 q - a +0 ring mail
 s - a +0 ring mail
 x - a +2 ring mail of cold resistance
 z - a +0 leather armour
 A - a +0 robe
 G - a +0 helmet
Jewellery
 D - a +2 ring of evasion (right hand)
 E - a ring of poison resistance (left hand)
Scrolls
 e - 3 scrolls of identify {unknown}
 g - a scroll of immolation {unknown}
 k - a scroll of enchant armour {unknown}
 w - a scroll of remove curse {unknown}
 B - a scroll of blinking {unknown}
Potions
 r - a potion of heal wounds
 F - a potion of cancellation {unknown}
 I - a potion of brilliance {unknown}
Comestibles
 b - 6 rations


   Skills:
 + Level 4.0 Fighting
 + Level 3.5 Polearms
 + Level 3.4 Dodging


You had 2 spell levels left.
You didn't know any spells.
Your spell library was empty.

Dungeon Overview and Level Annotations

Branches:
Dungeon (4/15)
 Temple: D:4-7

Altars:
Ashenzari


Innate Abilities, Weirdness & Mutations

Your plain brown scales are hard. (AC +5)
You cannot fit into any form of body armour.
You are cold-blooded and may be slowed by cold attacks.
You have a pair of small horns on your head.
You are covered in fur. (AC +1)


Message History

You tail-slap the hippogriff, but do no damage.
The hippogriff is moderately wounded.
The hippogriff misses you. The hippogriff closely misses you.
The hippogriff claws you.
You closely miss the hippogriff. You headbutt the hippogriff.
The hippogriff is heavily wounded.
You hit the hippogriff. You burn the hippogriff. You headbutt the hippogriff.
The hippogriff is heavily wounded.
The hippogriff misses you.
The hippogriff pecks you but does no damage.
The hippogriff claws you.
You hit the hippogriff. You burn the hippogriff.
The hippogriff is severely wounded.
The hippogriff barely misses you. The hippogriff pecks you!
The hippogriff claws you.
* * * LOW HITPOINT WARNING * * *
You puncture the hippogriff! You burn the hippogriff.
The hippogriff is almost dead.
The hippogriff bites you.
You die...

###########
#..@.......
#.###..H..#####
.............(.
#.###.....####.
#..........
###.##.###. #.#
.# #.# .# #.#


You could see a hippogriff.

Vanquished Creatures
  2 adders
  2 leopard geckos (D:3)
  4 orcs (D:3)
  3 bats
  3 giant cockroaches
  2 goblins (D:1)
  3 hobgoblins
  3 jackals (D:2)
  A ball python (D:1)
  A frilled lizard (D:3)
  6 kobolds
  A rat (D:3)
31 creatures vanquished.

Notes
Turn   | Place    | Note
-------+----------+-------------------------------------------
     0 | D:1      | Gashadokuro the Draconian Berserker began the quest for the
                  | Orb.
     0 | D:1      | Reached XP level 1. HP: 19/19 MP: 1/1
   787 | D:2      | Reached XP level 2. HP: 26/26 MP: 2/2
   823 | D:2      | Gained mutation: You are covered in fur. (AC +1) [potion of
                  | mutation]
   823 | D:2      | Gained mutation: You have a pair of small horns on your
                  | head. [potion of mutation]
   914 | D:2      | Reached XP level 3. HP: 29/33 MP: 3/3
  1046 | D:3      | Reached ** piety under Trog
  1090 | D:3      | Reached skill level 4 in Fighting
  1134 | D:4      | Found a shattered altar of Ashenzari.
  1260 | D:4      | Noticed a hippogriff
  1271 | D:4      | Slain by a hippogriff

Vault maps used:
D:1:      minmay_arrival_plants_in_alcoves
D:2:      tso_altar
D:3:      minmay_liquid_box
D:4:      first_ration, evilmike_ruin_ashenzari, uniq_blork_the_orc,
          uniq_crazy_yiuf_cottage, uniq_robin

Skill      XL: |  1  2  3 |
---------------+----------+-----
Dodging        | 3 |  3.4
Fighting       | 4 |  4.0
Polearms       | |  3.5

Action                   || total
-------------------------++-------
Melee: Spear             ||    65
       Dagger            ||     7
       Headbutt          ||    11
       Tailslap          ||     3
  Use: Potion            ||     3
Armor: Skin              ||    23
Dodge: Dodged            ||    74

Table legend:
 A = Non-vault XP
 B = Vault XP
 C = Vault XP percentage of total XP
 D = Non-vault monster count
 E = Vault monster count
 F = Vault count percentage of total count
                 A         B        C        D         E       F
            +---------+---------+-------+---------+---------+-------
      Total |      81 |       0 |   0.0 |      31 |       0 |   0.0
            +---------+---------+-------+---------+---------+-------
        D:1 |      10 |       0 |   0.0 |       6 |       0 |   0.0
        D:2 |      31 |       0 |   0.0 |      12 |       0 |   0.0
        D:3 |      40 |       0 |   0.0 |      13 |       0 |   0.0
            +---------+---------+-------+---------+---------+-------
